 Dungeon Crawl Stone Soup version 0.18.1-47-g9310371 (console) character file.

536 Kloppie the Spear-Bearer (level 7, -7/56 HPs)
             Began as a Merfolk Berserker on June 14, 2016.
             Was an Elder of Trog.
             Mangled by Blork the orc
             ... wielding a +3 battleaxe of electrocution
              (11 damage)
             ... on level 4 of the Dungeon.
             The game lasted 00:06:13 (3427 turns).

Kloppie the Spear-Bearer (Merfolk Berserker)        Turns: 3427, Time: 00:06:14

Health: -7/56      AC: 11    Str: 18    XL:     7   Next: 25%
Magic:  7/7        EV: 18    Int:  6    God:    Trog [****..]
Gold:   137        SH:  0    Dex: 20    Spells: 0 memorised, 6 levels left

rFire  . . .     SeeInvis .     a - +0 spear
rCold  . . .     Gourm    .     C - +3 scale mail {MR+}
rNeg   . . .     Faith    .     (no shield)
rPois  +         Spirit   .     (no helmet)
rElec  .         Dismiss  .     j - +0 cloak
rCorr  .         Reflect  .     s - +0 pair of gloves
SustAt .         Harm     .     (no boots)
MR     +....                    p - amulet of regeneration
Stlth  +.........               (no ring)
                                d - ring of poison resistance

@: agile, exhausted, slowed, very slow, somewhat resistant to hostile
enchantments, very unstealthy
A: change form in water, swift swim
a: Berserk, Trog's Hand, Brothers in Arms, Burn Spellbooks, Renounce Religion


You were on level 4 of the Dungeon.
You worshipped Trog.
Trog was greatly pleased with you.
You were very hungry.

You visited 1 branch of the dungeon, and saw 4 of its levels.
You also visited: Sewer.

You collected 137 gold pieces.

Inventory:

Hand Weapons
 a - a +0 spear (weapon)
Armour
 j - a +0 cloak (worn)
 s - a +0 pair of gloves (worn)
 C - a +3 scale mail of magic resistance (worn)
Jewellery
 d - a ring of poison resistance (left hand)
 p - an amulet of regeneration (around neck)
Wands
 r - a wand of disintegration (11/24)
Scrolls
 e - 2 scrolls of identify {unknown}
 i - 3 scrolls of random uselessness {unknown}
 k - a scroll of enchant weapon {unknown}
 l - a scroll of blinking {unknown}
 m - a scroll of noise {unknown}
 q - 2 scrolls of fog {unknown}
 t - 3 scrolls of remove curse {unknown}
 v - 4 scrolls of teleportation {unknown}
 y - a scroll of magic mapping {unknown}
 D - a scroll of fear {unknown}
Potions
 f - a potion of agility
 g - a potion of cancellation {unknown}
 n - 2 potions of degeneration {unknown}
 w - a potion of magic {unknown}
 x - 4 potions of haste {unknown}
 z - 3 potions of might {unknown}
 A - a potion of brilliance {unknown}
 B - 2 potions of heal wounds {unknown}
Comestibles
 b - 2 meat rations
 c - 3 bread rations
 h - 6 fruits
 o - 2 slices of pizza
 u - a royal jelly
 E - a chunk of flesh


   Skills:
 + Level 5.4 Fighting
 * Level 8.8 Polearms
 - Level 1.3 Armour
 + Level 5.3 Dodging


You had 6 spell levels left.
You didn't know any spells.

Dungeon Overview and Level Annotations

Branches:
Dungeon (4/15)
 Temple: D:4-7

Altars:
Gozag
Trog
Zin

Annotations:
D:4 Blork the orc


Message History

Something hits you!
* * * LOW HITPOINT WARNING * * *
You hear some strange, mumbled words.
A puff of frost appears from out of thin air!
The puff of frost hits you!
* * * LOW HITPOINT WARNING * * *
You hear some strange, mumbled words.
A magic dart appears from out of thin air!
The magic dart hits you!
You hear some strange, mumbled words.
A puff of flame appears from out of thin air!
The puff of flame hits you!
* * * LOW HITPOINT WARNING * * *
Something hits you but does no damage.
You are electrocuted!
* * * LOW HITPOINT WARNING * * *
Drink which item? (? for menu, Esc to quit)
It was a potion of agility.
You feel agile all of a sudden. Something hits you!
You die...

..........#
#.#...........
######.###
#.####........
#.# #.#
######### #.#
#.# #.# #.#
#.# #.# #.#
#.#
#.########.#
#.....@.o..#
############


You could see an orc.

Vanquished Creatures
  Edmund (D:4)
  An ice beast (D:4)
  3 orc wizards
  An iguana (D:4)
  Jessica (D:3)
  A worker ant (D:4)
  4 river rats (Sewer)
  3 adders
  4 worms
  A dart slug (D:3)
  4 giant geckos
  7 orcs
  2 giant cockroaches
  4 goblins
  7 hobgoblins
  2 jackals (D:4)
  7 kobolds
  3 quokkas
  2 ball pythons
  17 bats
  16 giant newts
  15 rats
106 creatures vanquished.

Notes
Turn   | Place    | Note
--------------------------------------------------------------
     0 | D:1      | Kloppie the Merfolk Berserker began the quest for the Orb.
     0 | D:1      | Reached XP level 1. HP: 18/18 MP: 1/1
   155 | D:1      | Reached XP level 2. HP: 16/24 MP: 2/2
   413 | D:1      | Reached skill level 5 in Polearms
   807 | D:2      | Reached ** piety under Trog
   837 | D:2      | Reached XP level 3. HP: 28/30 MP: 3/3
  1072 | D:2      | Found a glowing silver altar of Zin.
  1430 | D:3      | Found a bloodstained altar of Trog.
  1431 | D:3      | Noticed Jessica
  1441 | D:3      | Reached XP level 4. HP: 37/37 MP: 4/4
  1445 | D:3      | Killed Jessica
  1445 | D:3      | Reached skill level 6 in Polearms
  1718 | D:3      | Reached *** piety under Trog
  1760 | D:3      | Found a glowing drain.
  1764 | Sewer    | Entered a sewer
  1856 | Sewer    | Reached XP level 5. HP: 15/43 MP: 5/5
  2432 | D:3      | Reached skill level 7 in Polearms
  2457 | D:3      | Reached **** piety under Trog
  2548 | D:3      | Found an opulent altar of Gozag.
  3076 | D:4      | Noticed an ice beast
  3077 | D:4      | Noticed Edmund
  3086 | D:4      | Killed an ice beast
  3086 | D:4      | Reached XP level 6. HP: 50/50 MP: 6/6
  3093 | D:4      | Killed Edmund
  3093 | D:4      | Reached skill level 5 in Fighting
  3093 | D:4      | Reached skill level 8 in Polearms
  3265 | D:4      | Reached skill level 5 in Dodging
  3347 | D:4      | Reached XP level 7. HP: 33/56 MP: 7/7
  3405 | D:4      | Noticed Blork the orc
  3427 | D:4      | Mangled by Blork the orc

Skill      XL: |  1  2  3  4  5  6 |
---------------+-------------------+-----
Polearms       | 5 6 7 8 |  8.8
Dodging        | 3 4 5 |  5.3
Fighting       | 4 5 |  5.4
Armour         | |  1.3

Action                   |  1- 3 |  4- 6 |  7- 9 || total
-------------------------+-------+-------+-------++-------
Melee: Spear             |   180 |   268 |    38 ||   486
       Tailslap          |       |     3 |       ||     3
Invok: Berserk           |     1 |     2 |     1 ||     4
       Trog's Hand       |       |     1 |       ||     1
  Use: Potion            |       |       |     1 ||     1
 Stab: Sleeping          |       |     2 |       ||     2
  Eat: Chunk             |     2 |     9 |       ||    11
Armor: Animal skin       |     1 |       |       ||     1
       Leather armour    |    33 |    18 |       ||    51
       Scale mail        |       |    29 |    19 ||    48
Dodge: Dodged            |    97 |   111 |    25 ||   233
